Map: Astillero orbital

Players

Xandros - Winner!

  • Race: Terran Terran

IA (Muy fácil) 1

  • Race: Terran Terran

VOD

Have the link to the VOD?

Description

Time

  • Played on: Nov. 19, 2015, 5:49 p.m.
  • Length: 34:32
Show
View Real Time Build Order
Export as new Build Order

Xandros Terran - Winner!

Build Orders: Reaper Expand 

Get SALT Encoding   

  12  0:10  SCV  
  13  0:22  SCV  
  14  0:41  Supply Depot  
  14  0:44  SCV  
  15  0:57  Supply Depot  
  15  1:01  Refinery  
  15  1:10  Barracks  
  15  1:27  SCV  
  16  1:41  SCV  
  17  1:58  SCV  
  18  2:05  Bunker  
  18  2:13  Factory  
  18  2:29  Reaper  
  19  2:34  SCV  
  20  2:43  Refinery  
  20  2:56  Command Center  
  21  3:02  Orbital Command  
  20  3:12  Factory Tech Lab  
  20  3:21  Factory  
  20  3:27  SCV  
  21  3:44  Reaper  
  22  3:57  SCV  
  23  4:08  SCV  
  23  4:09  SCV  
  25  4:16  Factory Tech Lab  
  25  4:20  SCV  
  26  4:25  Armory  
  26  4:34  Hellion  
  28  4:56  Hellion  
  28  5:29  SCV  
  29  5:37  SCV  
  29  5:42  Cyclone  
  33  5:46  Hellion  
  33  5:49  SCV, Marine  
  37  6:04  Terran Vehicle And Ship Armor Level 1  
  37  6:07  Marine  
  38  6:23  Supply Depot  
  38  6:25  Marine  
  38  6:26  Supply Depot  
  39  6:37  SCV, Engineering Bay  
  39  6:39  SCV  
  41  6:43  Marine  
  42  6:49  SCV, Cyclone  
  42  6:50  Cyclone  
  42  6:51  SCV  
  50  7:22  Cyclone  
  55  7:23  Hellbat  
  55  7:44  Cyclone  
  58  7:54  Hellbat  
  60  8:02  Mag-Field Accelerator  
  60  8:16  Hellion  
  62  8:21  Infernal Pre-Igniter  
  62  8:34  Widow Mine  
  62  8:40  Supply Depot  
  64  8:44  SCV, Supply Depot  
  65  8:56  SCV  
  66  11:24  Starport  
  66  11:31  Refinery  
  64  11:35  Refinery  
  64  11:36  Hellion  
  64  11:45  Command Center  
  64  11:46  Hellion  
  64  12:01  Hellion  
  64  12:59  Hi-Sec Auto Tracking  
  64  13:08  Starport Tech Lab  
  64  13:16  Starport  
  64  13:29  Fusion Core  
  64  13:31  Ghost Academy  
  64  13:37  Liberator  
  64  13:47  Liberator  
  70  14:20  Liberator  
  70  14:30  Liberator  
  73  14:40  Refinery  
  76  14:55  Missile Turret  
  76  14:57  Sensor Tower  
  76  14:58  Missile Turret  
  76  14:59  Planetary Fortress  
  76  16:22  Barracks Tech Lab  
  76  16:27  Thor, Barracks  
  76  16:31  Terran Vehicle And Ship Armor Level 2  
  82  16:37  Terran Infantry Weapons Level 1  
  82  16:46  Nuke  
  82  17:07  Medivac  
  84  17:14  Battlecruiser  
  90  17:37  Advanced Ballistics  
  90  19:22  Refinery  
  90  20:05  Barracks Tech Lab  
  90  20:08  Ghost  
  92  20:15  Marine  
  93  20:37  Ghost  
  95  22:24  Starport Tech Lab  
  95  22:46  Drilling Claws  
  95  22:52  Combat Shields  
  95  23:00  Barracks Tech Lab  
  95  23:18  Banshee x2  
  101  25:37  Siege Tank  
  101  25:38  Cyclone  
  107  25:57  Terran Vehicle And Ship Armor Level 3  
  105  26:09  Siege Tank  
  105  26:10  Cyclone  
  111  26:20  Command Center  
  111  27:37  Viking  
  113  28:07  Viking  
  115  28:34  Terran Vehicle Weapons Level 1  
  115  30:29  Terran Ship Weapons Level 1  
  115  31:25  Orbital Command  
  115  31:31  Nuke  
  115  32:56  Orbital Command  
  115  33:03  Nuke  
Show
View Real Time Build Order
Export as new Build Order

IA (Muy fácil) 1 Terran 

Build Orders:  

Get SALT Encoding   

  12  0:00  SCV  
  13  0:13  SCV  
  14  0:19  Supply Depot  
  14  0:37  Refinery  
  14  0:46  Barracks  
  14  1:05  Supply Depot  
  14  1:12  Refinery  
  14  1:33  Orbital Command, Marine  
  15  1:52  Barracks Tech Lab  
  15  1:59  SCV  
  16  2:11  SCV  
  16  2:15  Marine  
  18  2:23  SCV  
  19  2:35  SCV  
  20  2:47  SCV  
  21  2:58  Marauder  
  23  3:00  SCV  
  24  4:13  SCV  
  24  6:27  SCV  
  24  6:29  Supply Depot, Marine  
  24  6:31  Factory  
  26  6:34  Command Center  
  27  6:40  SCV  
  27  6:52  SCV  
  28  6:56  Supply Depot  
  28  7:01  Marine  
  28  7:04  SCV  
  26  7:16  SCV  
  26  7:18  Starport  
  26  7:28  SCV  
  27  7:33  Marine  
  25  7:47  SCV  
  23  7:54  SCV  
  23  7:55  Refinery  
  23  7:56  Starport Tech Lab  
  23  7:58  Refinery  
  23  8:01  SCV  
  23  8:02  Hellion  
  26  8:08  SCV  
  27  8:15  Raven  
  27  8:16  SCV  
  30  8:23  SCV  
  31  8:30  SCV  
  32  8:34  Marine  
  32  8:37  SCV  
  34  8:45  SCV  
  35  8:52  SCV  
  36  8:58  Raven  
  36  8:59  SCV  
  39  9:03  Hellion  
  39  9:06  SCV  
  35  9:14  SCV  
  33  9:21  SCV  
  32  9:29  SCV  
  32  9:32  Hellion  
  32  9:36  SCV  
  35  9:41  Raven  
  35  9:43  SCV  
  38  9:50  SCV  
  33  9:58  SCV  
  31  10:01  Hellion  
  31  10:05  SCV  
  29  10:12  SCV  
  26  10:19  SCV  
  23  10:27  SCV  
  21  10:29  Hellion  
  21  10:31  Raven  
  21  10:34  SCV  
  22  10:41  SCV  
  17  10:48  SCV  
  16  10:55  SCV  
  12  10:58  Hellion  
  12  11:03  SCV  
  13  11:10  SCV  
  13  11:14  Raven  
  13  11:17  SCV  
  16  11:24  SCV  
  17  11:27  Hellion  
  17  11:30  Supply Depot  
  17  11:32  SCV  
  20  11:37  Refinery  
  20  11:39  SCV  
  19  11:46  SCV  
  18  11:53  SCV  
  17  11:57  Raven, Barracks  
  17  12:01  SCV  
  20  12:08  SCV  
  19  12:10  Supply Depot  
  19  12:20  SCV  
  20  12:27  SCV  
  21  12:31  Hellion  
  21  12:34  SCV  
  21  12:35  Supply Depot  
  24  12:40  Raven  
  24  12:41  SCV  
  27  12:45  Barracks Tech Lab  
  27  12:48  SCV  
  26  12:54  Factory Tech Lab  
  26  12:56  SCV  
  25  13:03  SCV  
  25  13:04  Marauder  
  25  13:05  Supply Depot  
  28  13:10  SCV  
  29  13:17  SCV  
  30  13:23  Medivac  
  30  13:24  SCV  
  30  13:25  Marine  
  34  13:32  SCV  
  31  13:39  SCV  
  32  13:46  SCV  
  32  13:47  Marine  
  34  13:52  Raven  
  34  13:54  SCV  
  36  14:01  SCV  
  35  14:05  Supply Depot  
  35  14:08  SCV  
  36  14:10  Marine  
  36  14:15  SCV  
  37  14:22  SCV  
  38  14:29  SCV  
  39  14:32  Marine  
  39  14:35  Medivac  
  39  14:37  SCV  
  42  14:44  SCV  
  41  14:51  SCV  
  42  14:55  Marauder  
  43  15:05  Raven  
  45  15:09  SCV  
  45  15:12  Supply Depot  
  45  15:16  Marine  
  45  15:19  SCV  
  43  15:38  Marine  
  43  15:45  SCV  
  43  15:48  Medivac  
  45  15:53  SCV  
  44  16:01  Marine  
  44  16:06  SCV  
  42  16:13  SCV  
  42  16:18  Raven  
  43  16:23  Marine  
  44  16:25  SCV  
  43  16:45  Marauder  
  44  16:48  SCV  
  44  16:55  SCV  
  44  17:01  Raven  
  45  17:02  SCV  
  45  17:07  Marine  
  43  17:25  Marine  
  44  17:34  Siege Tank  
  44  17:46  Marine  
  42  18:05  Marauder  
  44  18:13  Hellion  
  45  18:21  Raven  
  45  18:26  Marine  
  37  18:43  Marine  
  35  18:52  Siege Tank  
  36  19:04  Medivac  
  36  19:05  Marine  
  36  19:23  Marine  
  26  19:31  Siege Tank  
  26  19:33  Raven  
  31  19:44  Marine  
  28  20:02  Marine  
  28  20:11  Siege Tank  
  28  20:13  SCV  
  30  20:16  Medivac  
  32  20:22  SCV  
  32  20:23  Marine  
  30  20:30  SCV  
  28  20:38  SCV  
  28  20:41  Marine  
  29  20:45  SCV  
  29  20:50  Siege Tank  
  31  21:01  SCV  
  31  21:02  Marine  
  29  21:08  SCV  
  28  21:15  SCV  
  28  21:20  Marine  
  28  21:22  SCV  
  30  21:28  Siege Tank  
  32  21:40  Marine  
  32  21:44  Medivac  
  32  21:45  SCV  
  29  21:52  SCV  
  29  21:58  Marine  
  29  21:59  SCV  
  30  22:05  Siege Tank  
  30  22:07  SCV  
  30  22:17  Marine  
  29  22:35  Marine  
  29  22:42  Siege Tank  
  30  22:44  SCV  
  30  22:53  SCV  
  30  22:54  Marine  
  28  23:12  Marine  
  28  23:13  SCV  
  27  23:20  SCV  
  28  23:29  SCV, Marine  
  28  23:35  Raven  
  27  23:47  Marine  
  26  23:51  SCV  
  26  23:55  Siege Tank  
  19  23:59  SCV  
  17  24:07  SCV, Marine  
  13  24:14  SCV  
  10  24:18  Raven  
  10  24:21  SCV  
  11  24:25  Marine  
  11  24:28  SCV  
  11  24:32  Siege Tank  
  11  24:35  SCV  
  12  24:42  SCV  
  12  24:44  Marine  
  11  24:50  SCV  
  11  24:57  SCV  
  9  25:01  Starport Tech Lab  
  9  25:02  Marine  
  9  25:04  SCV  
  10  25:09  Factory Tech Lab  
  10  25:11  SCV  
  9  25:18  SCV  
  9  25:19  Medivac, Marine  
  12  25:26  SCV  
  12  25:27  Siege Tank  
  13  25:40  Marine  
  13  25:45  SCV  
  13  25:49  Raven  
  12  25:52  SCV  
  12  25:58  Marine  
  12  25:59  SCV  
  13  26:06  Siege Tank  
  13  26:11  SCV  
  11  26:25  SCV  
  6  26:37  SCV  
  2  26:46  Factory Tech Lab  
  1  26:49  SCV  
  1  27:01  SCV  
Tags
 
Add a new tag
Caveats
  • Supply blocks, unpowered buildings, or Contaminate may cause inaccurate times.
  • Supply counts are checked every 10 seconds.